AoeStats
← kingike14

Nomad

508747580Analyzed
4v4 RM · 8d ago on Sep 23, 2026· 46m 8s· 8 players
Game mode
Random Map
Map size
231×231
Population
200
Speed
Normal
Resources
Standard
Victory
Conquest
Starting age
Dark Age
Ending age
Imperial Age
RankedLock teamsTeams togetherTeam positionsShared explorationLock speedFull tech treeHidden civsTurbo modeCheats
Victory
Defeat
🇺🇸 Spanish · United States
1118
+15
🇦🇷 Bulgarians · Argentina
1105
+15
🇺🇸 Shu · United States
1046
+18
🇲🇽 Gurjaras · Mexico
1045
+18
🇨🇴 Italians · Colombia
1160
-20
🇺🇸 Hindustanis · United States
1100
-17
🇹🇼 Teutons · Taiwan
1075
-16
🇨🇴 Burmese · Colombia
1014
-13
小佑
12:51 Feudal Age
13:19 Double-Bit Axe
13:17 Horse Collar
14:38 Loom
17:16 Arson
21:23 Castle Age
19:37 Stone Mining
21:11 Wheelbarrow
21:28 Arson
22:00 Forging
21:50 Scale Mail Armor
22:59 Bow Saw
23:08 Squires
23:46 Gambesons
24:19 Heavy Plow
29:03 Ironclad
28:41 Town Watch
32:02 Hand Cart
34:20 Imperial Age
33:42 Stone Shaft Mining
33:00 Gold Mining
35:31 Conscription
36:13 Two-Man Saw
36:09 Elite Teutonic Knight
37:48 Masonry
38:28 Cavalier
40:36 Chemistry
39:56 Fortified Wall
Starman
5:08 Loom
16:51 Feudal Age
17:26 Double-Bit Axe
17:25 Horse Collar
21:08 Town Watch
24:27 Castle Age
27:16 Wheelbarrow
31:48 Bloodlines
32:02 Gold Mining
35:13 Husbandry
44:28 Fishing Lines
yupi999
5:24 Loom
15:53 Feudal Age
21:36 Castle Age
21:02 Double-Bit Axe
20:59 Horse Collar
37:24 Heavy Plow
42:10 Fletching
42:21 Padded Archer Armor
43:34 Wheelbarrow
44:00 Heavy Plow
44:30 Gold Mining
45:42 Town Watch
montiz_punk
5:14 Loom
14:33 Feudal Age
19:28 Fishing Lines
22:20 Castle Age
20:22 Fishing Lines
25:56 Horse Collar
27:18 Pikeman
29:51 Gambesons
31:15 Wheelbarrow
32:29 Forging
32:19 Scale Mail Armor
33:18 Squires
36:52 Husbandry
41:49 Imperial Age
39:37 Hand Cart
39:19 Gold Mining
39:19 Stone Mining
42:55 Iron Casting
42:26 Scale Barding Armor
Gonnar
5:05 Loom
14:37 Feudal Age
19:32 Castle Age
17:50 Double-Bit Axe
19:22 Fishing Lines
20:24 Scale Barding Armor
20:27 Gillnets
22:52 Husbandry
24:37 Forging
25:20 Bloodlines
26:56 Iron Casting
26:56 Scale Mail Armor
27:41 Wheelbarrow
36:18 Imperial Age
36:19 Chain Mail Armor
35:56 Arson
36:15 Horse Collar
37:58 Plate Mail Armor
42:48 Fletching
42:57 Elite Chakram Thrower
44:39 Kshatriyas
...
4:00 Loom
16:20 Feudal Age
16:51 Double-Bit Axe
19:37 Fletching
20:15 Padded Archer Armor
24:43 Castle Age
23:52 Wheelbarrow
25:43 Bodkin Arrow
26:21 Leather Archer Armor
25:29 Crossbowman
26:15 Thumb Ring
30:14 Hand Cart
31:14 Bow Saw
31:54 Stone Mining
32:08 Horse Collar
33:51 Heavy Plow
33:45 Gold Mining
41:23 Imperial Age
41:31 Gold Shaft Mining
42:40 Conscription
42:23 Bracer
42:53 Ring Archer Armor
43:44 Arbalester
kingike14
8:29 Loom
14:20 Feudal Age
17:16 Wheelbarrow
16:58 Double-Bit Axe
22:01 Castle Age
19:51 Double-Bit Axe
20:41 Fletching
20:50 Horse Collar
29:24 Hand Cart
29:19 Bodkin Arrow
29:54 Town Watch
31:27 Padded Archer Armor
31:43 Bloodlines
32:18 Leather Archer Armor
36:24 Town Patrol
42:10 Imperial Age
41:05 Ballistics
42:25 Husbandry
43:43 Conscription
42:45 Elite Conquistador
45:52 Ring Archer Armor
bambi
4:43 Loom
14:50 Feudal Age
19:39 Castle Age
18:02 Fletching
19:27 Gold Mining
19:50 Double-Bit Axe
20:30 Medium Warships
20:22 Bodkin Arrow
20:45 Bow Saw
23:01 Wheelbarrow
24:27 Horse Collar
26:16 Heavy Plow
32:48 Imperial Age
31:04 Scale Barding Armor
31:31 Forging
32:05 Chain Barding Armor
32:33 Iron Casting
32:45 Gold Shaft Mining
33:09 Squires
33:11 Elite Konnik
34:13 Conscription
34:02 Stone Mining
34:21 Stirrups
34:47 Bloodlines
36:10 Blast Furnace
36:11 Hand Cart
36:47 Husbandry
37:23 Plate Barding Armor
39:59 Ballistics
40:39 Chemistry
39:42 Bracer
40:53 Masonry
40:44 Murder Holes
46:03 Siege Engineers
Connection lost

Rejoining the realm…

Still unreachable

The connection could not be restored.

Session expired

The server has moved on; the page needs a fresh start.